 Dungeon Crawl Stone Soup version 0.32-a0-12-g7fc57aa741 (webtiles) character file.

Game seed: 2537152185570275770

954 anacleto the Changeling (level 7, -4/66 HPs)
             Began as a Troll Shapeshifter on Jan 15, 2024.
             Was a Follower of Qazlal.
             Slain by an ogre
             ... wielding a +0 giant club
              (20 damage)
             ... on level 5 of the Dungeon.
             The game lasted 00:07:41 (3311 turns).

anacleto the Changeling (Troll Shapeshifter)        Turns: 3311, Time: 00:07:42

Health: -4/66      AC:  4    Str: 31    XL:     7   Next: 90%
Magic:  6/6        EV: 10    Int:  6    God:    Qazlal [*.....]
Gold:   158        SH:  1    Dex:  9    Spells: 6/6 levels left

rFire   . .          .
                       - Unarmed
rCold   . . .        (no shield)
rNeg    . . .        a - +0 animal skin
rPois   +            (helmet currently unavailable)
rElec   .            (cloak currently unavailable)
rCorr   .            (gloves unavailable)
SInv    .            (boots unavailable)
Will    .....        (no amulet)
Stlth   +            g - +6 ring of strength
HPRegen 1.11/turn    t - ring of poison resistance
MPRegen 0.10/turn

%: no passive effects
@: beast-form
A: beast (slay +3), large, unfitting armour, claws 3, regeneration 1, shaggy fur
1, tough skin 1
a: Begin Untransformation, Renounce Religion


You were on level 5 of the Dungeon.
You worshipped Qazlal.
Qazlal was aware of your devotion.
You were a hulking beast.
You visited 1 branch of the dungeon, and saw 5 of its levels.

You collected 158 gold pieces.

Inventory:

Missiles
 p - 10 poisoned darts
 q - 2 boomerangs (quivered)
 r - a throwing net
 u - 2 javelins
 v - 6 large rocks
 x - a curare-tipped dart
 B - 6 atropa-tipped darts
Armour
 a - a +0 animal skin (worn)
Jewellery
 g - a +6 ring of strength (left claw)
 k - a ring of protection from cold
 s - a ring of protection from cold
 t - a ring of poison resistance (right claw)
Talismans
 c - a beast talisman
 d - a flux talisman
Scrolls
 e - 2 scrolls of vulnerability
 h - a scroll of amnesia {unknown}
 i - a scroll of poison {unknown}
 m - a scroll of blinking {unknown}
 n - 2 scrolls of noise {unknown}
 y - 2 scrolls of immolation {unknown}
Potions
 b - 2 potions of lignification
 f - 2 potions of might
 j - 4 potions of curing
 l - a potion of ambrosia {unknown}
 o - a potion of mutation {unknown}
 w - a potion of brilliance {unknown}
 z - a potion of invisibility {unknown}
 A - a potion of degeneration {unknown}
 C - a potion of heal wounds {unknown}


   Skills:
 + Level 2.6 Fighting
 + Level 2.7 Throwing
 + Level 2.3 Armour
 + Level 3.1 Dodging
 + Level 4.3 Unarmed Combat
 + Level 0.2 Invocations
 + Level 5.6 Shapeshifting


You had 6 spell levels left.
You didn't know any spells.
Your spell library contained the following spells:

 Spells                   Type           Power      Damage    Failure   Level
 Tukima's Dance           Hex            0%         N/A       83%         3
 Passage of Golubria      Tloc           0%         N/A       99%         4
 Yara's Violent Unravell  Hex/Alch       0%         3d3       100%        5


Dungeon Overview and Level Annotations

Branches:
Dungeon (5/15)
 Temple: D:4-7

Altars:
Hepliaklqana
Kikubaaqudgha
Makhleb
Qazlal


Innate Abilities, Weirdness & Mutations

You are a hulking beast.
Your limbs bulge with bestial killing power. (Slay +3)
You are too large for most types of armour.
You have claws for hands.
Your natural rate of healing is unusually fast.
You are covered in fur. (AC +1)
You have tough skin. (AC +1)


Message History

Press: ? - help, Q - select action, (/) - cycle Shift-Dir - straight line, f/p - centaur
Aim: a centaur, wielding a +0 shortbow (heavily wounded, 69% to hit)
You throw a boomerang. The boomerang hits the centaur.
The centaur is almost dead.
The centaur shoots an arrow.
The arrow closely misses you.
The centaur shoots an arrow.
The arrow hits you!
Throw: 2 boomerangs
Press: ? - help, Q - select action, (/) - cycle Shift-Dir - straight line, f/p - centaur
Aim: a centaur, wielding a +0 shortbow (severely wounded, 69% to hit)
You throw a boomerang. The boomerang hits the centaur!
You kill the centaur!
Qazlal accepts your kill.
You start resting.
HP restored.
You see here a +0 flail.
Found an ancient bone altar of Kikubaaqudgha.
Found a stone staircase leading up.
Found a flail.
Found a mace.
An ogre comes into view. It is wielding a +0 giant club.
The ogre shouts!
Found a stone staircase leading down.
The ogre hits you with a +0 giant club!!
You scratch the ogre but do no damage.
The ogre hits you with a +0 giant club!!
You scratch the ogre.
The ogre is lightly wounded.
You claw the ogre!
The ogre is moderately wounded.
The ogre hits you with a +0 giant club!
* * * LOW HITPOINT WARNING * * *
The ogre attacks as it pursues you! You block the ogre's attack.
Throw: 2 boomerangs
Press: ? - help, Q - select action, (/) - cycle Shift-Dir - straight line, f - ogre
Aim: an ogre, wielding a +0 giant club (moderately wounded, 74% to hit)
You throw a boomerang. The boomerang hits the ogre!
The ogre is severely wounded.
The ogre attacks as it pursues you!
The ogre hits you with a +0 giant club!!
You die...

......#.....#########
......#......##...#.#
.##...##.#..........##
###......#...........#
###......#.....<.....#
.........#...........#
....###..#..........##
.#..####.#..........##
.........##.....h....#
.........##...#○O....#
..>...........#.....##
..............#°...##
........##..)..#...#
........#...?).....###
.....................#
........#..............#
.......##...............


You could see an ogre.

Vanquished Creatures
  Sigmund (D:3)
  A black bear (D:4)
  An ogre (D:4)
  A centaur (D:5)
  A kobold brigand (D:4)
  5 bombardier beetles
  An orc priest (D:3)
  A gnoll bouda (D:4)
  An orc wizard (D:3)
  5 adders
  10 gnolls
  A dart slug (D:1)
  A ribbon worm (D:2)
  An orc (D:3)
  4 bats
  7 endoplasms
  6 giant cockroaches
  2 goblins
  7 hobgoblins
  2 jackals (D:1)
  12 kobolds
  4 quokkas
  4 ball pythons
  3 frilled lizards
  7 rats
89 creatures vanquished.

Notes
Turn   | Place    | Note
-------+----------+-------------------------------------------
     0 | D:1      | anacleto the Troll Shapeshifter began the quest for the
                  | Orb.
     0 | D:1      | Reached XP level 1. HP: 18/18 MP: 0/0
   269 | D:1      | Reached XP level 2. HP: 26/26 MP: 1/1
   548 | D:1      | Reached skill level 4 in Shapeshifting
   626 | D:1      | Reached XP level 3. HP: 31/32 MP: 2/2
   975 | D:2      | Reached XP level 4. HP: 40/40 MP: 3/3
  1361 | D:3      | Reached skill level 1 in Fighting
  1364 | D:3      | Reached XP level 5. HP: 46/48 MP: 4/4
  1367 | D:3      | Found a faded altar of an unknown god.
  1444 | D:3      | Found a stormy altar of Qazlal.
  1551 | D:3      | Became a worshipper of Qazlal Stormbringer
  1621 | D:3      | Reached skill level 1 in Throwing
  1621 | D:3      | Reached skill level 5 in Shapeshifting
  2026 | D:3      | Noticed Sigmund
  2045 | D:3      | Reached skill level 1 in Armour
  2092 | D:3      | Killed Sigmund
  2093 | D:3      | Reached XP level 6. HP: 38/57 MP: 5/5
  2123 | D:3      | Found a hazy altar of Hepliaklqana.
  2473 | D:4      | Reached XP level 7. HP: 65/65 MP: 6/6
  2502 | D:4      | Found a burning altar of Makhleb.
  3054 | D:4      | Reached * piety under Qazlal
  3210 | D:5      | Entered Level 5 of the Dungeon
  3267 | D:5      | Found an ancient bone altar of Kikubaaqudgha.
  3311 | D:5      | Slain by an ogre

Illustrated notes

Levels and vault maps discovered:
D:1:      sevenhm_arrival_forest_fort_large_2, layout_basic, feat_on_display
D:2:      layout_basic
D:3:      layout_basic, mainiacjoe_overflow_concentric_impassable,
          nicolae_overflow_hidden_temple,
          hellmonk_ecumenical_altar_pennies_from_heaven, grunt_decor_one_mirror,
          kennysheep_decorative_pillar, uniq_sigmund
D:4:      layout_gridville, mainiacjoe_overflow_tiny_flanked
D:5:      layout_cave_pools, grunt_temple_overflow_opulence,
          nicolae_yredelemnul_ghost_church, mainiacjoe_overflow_brackets,
          minmay_temple_entry_metal_lava, ebering_ghost_disaster_area,
          minivault_27, grunt_decor_resistance, uniq_prince_ribbit1

Skill      XL: |  1  2  3  4  5  6  7 |
---------------+----------------------+-----
Shapeshifting  | 4 5 |  5.6
Fighting       | 1 2 |  2.6
Throwing       | 1 2 |  2.7
Dodging        | 2 3 |  3.1
Armour         | 1 2 |  2.3
Unarmed Combat | 4 |  4.3
Invocations    | |  0.2

Action                     |  1- 3 |  4- 6 |  7- 9 || total
---------------------------+-------+-------+-------++-------
  Melee: Unarmed           |    69 |    79 |    27 ||   175
         Punch             |       |     1 |       ||     1
  Throw: Dart              |       |     6 |     2 ||     8
         Boomerang         |       |    18 |    45 ||    63
    Use: Scroll            |       |       |     3 ||     3
   Stab: Sleeping          |     2 |       |       ||     2
 Armour: Animal skin       |    50 |    60 |    36 ||   146
  Dodge: Dodged            |    24 |    48 |    13 ||    85
  Block: Other             |       |       |     1 ||     1

Table legend: (Time is in decaauts)
 A = Elapsed time spent in this place.
 B = Non-inter-level travel time spent in this place.
 C = Inter-level travel time spent in this place.
 D = Time resting spent in this place.
 E = Time spent auto-exploring this place.
 F = Levels seen in this place.
 G = Mean time per level.
                   A        B        C        D        E       F      G
               +--------+--------+--------+--------+--------+-----+--------+
         Total |   3322 |   3220 |    102 |     71 |   2166 |   5 |  664.4 |
       Dungeon |   3322 |   3220 |    102 |     71 |   2166 |   5 |  664.4 |
               +--------+--------+--------+--------+--------+-----+--------+

Top non-repeatable levels by time:
     D:3: 1007 daAuts
     D:1: 909 daAuts
     D:4: 880 daAuts
     D:2: 423 daAuts
     D:5: 101 daAuts
